 Dungeon Crawl Stone Soup version 0.30-a0-672-gc3a7216ad8 (webtiles) character file.

Game seed: 16380457797276158897

1476 Dittersdorf the Protected (level 8, -1/52 HPs)
             Began as a Gargoyle Fighter on Jan 18, 2023.
             Was a Follower of Okawaru.
             Slain by an orc warrior
             ... wielding a +0 long sword
              (5 damage)
             ... on level 6 of the Dungeon.
             The game lasted 00:11:47 (4361 turns).

Dittersdorf the Protected (Gargoyle Fighter)        Turns: 4361, Time: 00:11:47

Health: -1/52      AC: 16    Str: 22    XL:     8   Next: 78%
Magic:  8/8        EV: 12    Int:  9    God:    Okawaru [*.....]
Gold:   271        SH:  5    Dex:  9    Spells: 7/7 levels left

rFire   . . .      SeeInvis .    v - +4 flail (protect)
rCold   . . .      Faith    .    c - +0 buckler
rNeg    + . .      Spirit   .    g - +0 chain mail
rPois   ∞          Reflect  .    (no helmet)
rElec   +          Harm     .    (no cloak)
rCorr   .          Rampage  .    (no gloves)
Will    .....                    (no boots) Stlth
                                 (no amulet)
HPRegen 0.28/turn                m - +5 ring of evasion
MPRegen 0.11/turn                q - +4 ring of slaying

@: studying Armour
A: sickness immunity, AC +5, negative energy resistance 1, electricity
resistance, torment resistance 1, petrification resistance
a: Renounce Religion, Heroism


You were on level 6 of the Dungeon.
You worshipped Okawaru.
Okawaru was aware of your devotion.
You visited 2 branches of the dungeon, and saw 7 of its levels.
You also visited: Sewer.

You collected 271 gold pieces.

Inventory:

Hand Weapons
 v - a +4 flail of protection (weapon)
Missiles
 h - 18 poisoned darts (quivered)
 j - a curare-tipped dart
Armour
 c - a +0 buckler (worn)
 g - a +0 chain mail (worn)
Jewellery
 m - a +5 ring of evasion (left hand)
 q - a +4 ring of slaying (right hand)
 y - a ring of positive energy
Wands
 u - a wand of flame (9)
 B - a wand of paralysis (16)
Scrolls
 i - a scroll of magic mapping {unknown}
 k - 3 scrolls of teleportation
 l - a scroll of silence {unknown}
 o - a scroll of immolation {unknown}
 p - a scroll of amnesia {unknown}
 r - 3 scrolls of blinking
 z - a scroll of fog {unknown}
Potions
 a - a potion of cancellation
 b - a potion of brilliance
 d - 2 potions of might
 e - 4 potions of berserk rage
 f - 7 potions of mutation
 n - a potion of heal wounds
 s - a potion of magic
 t - a potion of invisibility
 w - a potion of resistance
 x - a potion of curing
 A - a potion of haste


   Skills:
 + Level 6.6 Fighting
 + Level 5.6 Maces & Flails
 + Level 8.2 Armour
 + Level 6.7 Shields


You had 7 spell levels left.
You didn't know any spells.
Your spell library contained the following spells:

 Spells                   Type           Power      Damage    Failure   Level
 Apportation              Tloc           0%         N/A       98%         1
 Necrotise                Necr           0%         1d4       98%         1
 Sandblast                Erth           0%         2d4       98%         1
 Lesser Beckoning         Tloc           0%         N/A       99%         2
 Passwall                 Tmut/Erth      0%         N/A       99%         2
 Wereblood                Tmut           0%         N/A       99%         2
 Gell's Gravitas          Tloc           0%         N/A       100%        3
 Portal Projectile        Hex/Tloc       0%         N/A       100%        3
 Stone Arrow              Conj/Erth      0%         3d7       100%        3
 Teleport Other           Tloc           0%         N/A       100%        3
 Blade Hands              Tmut           0%         N/A       100%        5
 Dispersal                Tloc           0%         N/A       100%        6
 Summon Small Mammal      Summ           Unusable   N/A       N/A         1
 Sublimation of Blood     Necr           Unusable   N/A       N/A         2
 Tukima's Dance           Hex            Unusable   N/A       N/A         3
 Summon Hydra             Summ           Unusable   N/A       N/A         7

Dungeon Overview and Level Annotations

Branches:
Dungeon (6/15)             Temple (1/1) D:4           Sewer (visited)

Altars:
Ashenzari
Dithmenos
Fedhas
Hepliaklqana
Kikubaaqudgha
Makhleb
Nemelex Xobeh
Okawaru
Wu Jian
Xom
Yredelemnul
Zin
The Shining One


Innate Abilities, Weirdness & Mutations

You are immune to sickness and miasma.
Your stone body is resilient. (AC +5)
You are immune to poison.
You resist negative energy. (rN+)
You are resistant to electric shocks. (rElec)
You are resistant to unholy torment.
You are immune to petrification.


Message History

You are too injured to fight recklessly!
You are too injured to fight recklessly!
You are too injured to fight recklessly!
You are too injured to fight recklessly!
You are too injured to fight recklessly!
You are too injured to fight recklessly!
You are too injured to fight recklessly!
You are too injured to fight recklessly!
You are too injured to fight recklessly!
You are too injured to fight recklessly!
The orc warrior attacks as you move away!
The orc warrior misses you.
The centaur shoots an arrow.
The arrow closely misses you.
The centaur shoots an arrow.
The arrow hits you but does no damage.
The orc warrior attacks as you move away!
The orc warrior hits you but does no damage.
The orc attacks as you move away! You block the orc's attack.
The orc warrior attacks as you move away!
The orc warrior hits you with a +0 long sword!
* * * LOW HITPOINT WARNING * * *
The centaur shoots an arrow.
The arrow closely misses you.
The orc warrior attacks as you move away!
The orc warrior misses you.
The centaur shoots an arrow.
The arrow hits you but does no damage. The centaur attacks as you move away!
The centaur unwields a +0 shortbow.
The centaur hits you but does no damage.
The centaur kicks you but does no damage.
You block the centaur's attack. x2
The orc warrior attacks as you move away!
The orc warrior hits you with a +0 long sword.
* * * LOW HITPOINT WARNING * * *
The centaur attacks as you move away! The centaur closely misses you.
You block the centaur's attack.
The centaur hits you but does no damage.
The centaur kicks you but does no damage.
The orc warrior attacks as you move away!
The orc warrior hits you but does no damage.
The orc warrior attacks as you move away!
The orc warrior hits you with a +0 long sword.
You die...

..................#
#######.####......# #<# ##...###
#.######..## ...........# .
##.#####.#..###### ### ## .
####### ####....#8###⌠###8##
.####8###8###8###.#............##
...........o...o@..............8#
...............c#.#............##
!...............#.###8###8##...#
....#8###⌠###8###.# ### ####...##
....####### ### #.# #8...8#
.).....# #.# ##...## .......#
##.####### #...# ........#
#........# ##...## ......#..#
#........###8...8#


You could see an orc warrior, a centaur and an orc.

Vanquished Creatures
  Edmund (D:4)
  A water moccasin (D:5)
  An ice beast (D:5)
  2 phantoms
  A kobold brigand (Sewer)
  A necrophage (D:5)
  3 scorpions
  2 jellies
  An orc priest (D:4)
  4 hounds
  A gnoll bouda (D:5)
  3 iguanas
  An orc wizard (D:4)
  9 gnolls (D:5)
  8 adders
  A white imp (D:4)
  2 ufetubi (D:4)
  5 worms
  A dart slug (D:4)
  13 orcs
  7 endoplasms
  10 giant cockroaches
  10 goblins
  5 hobgoblins
  4 jackals (D:4)
  13 kobolds
  6 quokkas
  7 ball pythons
  4 bats
  4 frilled lizards
  5 rats
136 creatures vanquished.

Vanquished Creatures (others)
  A bullfrog (D:6)
1 creature vanquished.

Grand Total: 137 creatures vanquished

Notes
Turn   | Place    | Note
-------+----------+-------------------------------------------
     0 | D:1      | Dittersdorf the Gargoyle Fighter began the quest for the
                  | Orb.
     0 | D:1      | Reached XP level 1. HP: 14/14 MP: 1/1
   213 | D:1      | You fall into a shaft and drop 1 floor!
   214 | D:2      | yay!
   245 | D:2      | Reached XP level 2. HP: 8/19 MP: 2/2
   888 | D:2      | Reached XP level 3. HP: 23/23 MP: 3/3
  1146 | D:2      | Reached XP level 4. HP: 29/29 MP: 4/4
  1352 | D:3      | Found a glowing drain.
  1380 | Sewer    | Entered a sewer
  1382 | Sewer    | Noticed a kobold brigand
  1406 | Sewer    | Killed a kobold brigand
  1407 | Sewer    | Reached skill level 4 in Armour
  1407 | Sewer    | Reached XP level 5. HP: 24/33 MP: 5/5
  2197 | D:3      | Found a hazy altar of Hepliaklqana.
  2198 | D:3      | Found a shimmering altar of Xom.
  2199 | D:3      | Noticed a spectral ugly thing
  2500 | D:4      | Reached XP level 6. HP: 39/39 MP: 6/6
  2619 | D:4      | Identified a scroll of acquirement
  2619 | D:4      | Acquired a manual of Armour
  2834 | D:4      | Noticed Edmund
  2847 | D:4      | Killed Edmund
  2848 | D:4      | Reached skill level 5 in Armour
  2953 | D:4      | Reached skill level 5 in Shields
  2958 | D:4      | Reached skill level 5 in Fighting
  2958 | D:4      | Reached XP level 7. HP: 32/44 MP: 7/7
  3125 | D:4      | Reached skill level 6 in Armour
  3247 | D:4      | Found a staircase to the Ecumenical Temple.
  3256 | Temple   | Entered the Ecumenical Temple
  3605 | D:5      | Entered Level 5 of the Dungeon
  3659 | D:5      | Found an iron altar of Okawaru.
  3667 | D:5      | Became a worshipper of Warmaster Okawaru
  3735 | D:5      | Reached skill level 7 in Armour
  3735 | D:5      | Reached XP level 8. HP: 51/51 MP: 8/8
  3804 | D:5      | Reached skill level 5 in Maces & Flails
  3922 | D:5      | Reached * piety under Okawaru
  3924 | D:5      | Found a shadowy altar of Dithmenos.
  3925 | D:5      | Found a burning altar of Makhleb.
  4301 | D:6      | Reached skill level 8 in Armour
  4361 | D:6      | Slain by an orc warrior

Illustrated notes

# ...
######
....#....#
#........#
#..@.#
######


Turn 214 on D:2: yay!

Levels and vault maps discovered:
D:1:      dpeg_arrival_houses_and_road, layout_basic
D:2:      layout_rooms, minmay_pentomino_s4
D:3:      layout_loops_cross, regret_index_temple_of_mockery,
          gup_sewer_entry_pipe
D:4:      layout_basic, minmay_temple_entry_nine_rooms,
          dreamdust_princess_corridor, uniq_edmund
D:5:      layout_basic, mainiacjoe_overflow_alcove_1,
          gammafunk_temple_overflow_statue
D:6:      layout_rooms, kennysheep_mini, serial_corexii_hall,
          chequers_hall_statues_corner_a, corexii_hall_statues_l,
          corexii_hall_statues_i
Temple:   hellmonk_temple_beads

Skill      XL: |  1  2  3  4  5  6  7  8 |
---------------+-------------------------+-----
Shields        | 4 5 6 |  6.7
Fighting       | 4 5 6 |  6.6
Maces & Flails | 3 4 5 |  5.6
Armour         | 4 5 7 8 |  8.2

Action                   |  1- 3 |  4- 6 |  7- 9 || total
-------------------------+-------+-------+-------++-------
Melee: Flail             |   121 |   256 |   124 ||   501
Throw: Dart              |       |     3 |       ||     3
  Use: Scroll            |       |    11 |     3 ||    14
Armor: Chain mail        |    88 |   120 |    85 ||   293
       Scale mail        |    10 |       |       ||    10
Dodge: Dodged            |    67 |   176 |    89 ||   332
Block: Buckler           |    30 |    60 |    35 ||   125

Table legend: (Time is in decaauts)
 A = Elapsed time spent in this place.
 B = Non-inter-level travel time spent in this place.
 C = Inter-level travel time spent in this place.
 D = Time resting spent in this place.
 E = Time spent auto-exploring this place.
 F = Levels seen in this place.
 G = Mean time per level.
                   A        B        C        D        E       F      G
               +--------+--------+--------+--------+--------+-----+--------+
         Total |   4560 |   4397 |    163 |    359 |   2802 |   8 |  570.0 |
       Dungeon |   3961 |   3808 |    153 |    359 |   2437 |   6 |  660.2 |
        Temple |    104 |     94 |     10 |      0 |     85 |   1 |  104.0 |
         Sewer |    494 |    494 |      0 |      0 |    280 |   1 |  494.0 |
               +--------+--------+--------+--------+--------+-----+--------+

Top non-repeatable levels by time:
     D:4: 996 daAuts
     D:3: 879 daAuts
     D:1: 757 daAuts
     D:5: 633 daAuts
     D:2: 580 daAuts
   Sewer: 494 daAuts
     D:6: 113 daAuts
  Temple: 104 daAuts
